 Dungeon Crawl Stone Soup version 0.30-a0-860-g512cf1e979 (webtiles) character file.

Game seed: 1494043103968004464

760 drewk1942 the Covert (level 8, -1/48 HPs)
             Began as a Kobold Brigand on Mar 7, 2023.
             Slain by a phantom (8 damage)
             ... on level 5 of the Dungeon.
             The game lasted 00:06:21 (4210 turns).

drewk1942 the Covert (Kobold Brigand)               Turns: 4210, Time: 00:06:22

Health: -1/48      AC:  3    Str:  8    XL:     8   Next: 8%
Magic:  8/8        EV: 26    Int: 13    God:
Gold:   256        SH:  0    Dex: 18    Spells: 7/7 levels left

rFire   . . .      SeeInvis .    k - +1 dagger (venom)
rCold   . . .      Faith    .    g - orb {mayhem}
rNeg    . . .      Spirit   .    b - +0 robe
rPois   .          Reflect  .    (no helmet)
rElec   .          Rampage  .    c - +0 cloak
rCorr   .                        (no gloves)
Will    .....                    (no boots)
Stlth   +++++                    (no amulet)
HPRegen 0.28/turn                h - +5 ring of evasion
MPRegen 0.11/turn                p - +5 ring of evasion

@: attractive
A: small, no large weapons, nightstalker 3
a: no special abilities


You were on level 5 of the Dungeon.
You visited 1 branch of the dungeon, and saw 5 of its levels.

You collected 256 gold pieces.

Inventory:

Hand Weapons
 a - a +2 dagger
 k - a +1 dagger of venom (weapon)
Missiles
 d - 6 poisoned darts (quivered)
 e - 2 curare-tipped darts
 m - 2 datura-tipped darts
Armour
 b - a +0 robe (worn)
 c - a +0 cloak (worn)
 g - an orb of mayhem (worn)
Jewellery
 h - a +5 ring of evasion (left hand)
 p - a +5 ring of evasion (right hand)
 t - a +6 ring of strength
Scrolls
 f - a scroll of vulnerability {unknown}
 i - a scroll of teleportation {unknown}
 o - 2 scrolls of fear
 q - a scroll of acquirement {unknown}
 r - a scroll of blinking {unknown}
 s - a scroll of amnesia {unknown}
Potions
 j - a potion of lignification
 l - 2 potions of attraction
 n - 2 potions of degeneration {unknown}
 u - a potion of haste {unknown}


   Skills:
 + Level 4.3 Fighting
 + Level 5.2 Short Blades
 + Level 4.2 Throwing
 + Level 4.0 Dodging
 * Level 8.8 Stealth


You had 7 spell levels left.
You didn't know any spells.
Your spell library contained the following spells:

 Spells                   Type           Power      Damage    Failure   Level
 Sandblast                Erth           0%         2d4       30%         1
 Shock                    Conj/Air       0%         1d3       30%         1
 Passwall                 Tmut/Erth      0%         N/A       43%         2
 Stone Arrow              Conj/Erth      0%         3d7       67%         3
 Swiftness                Air            0%         N/A       67%         3
 Tukima's Dance           Hex            0%         N/A       67%         3
 Airstrike                Air            0%         2d(0-16)  97%         4
 Passage of Golubria      Tloc           0%         N/A       97%         4
 Yara's Violent Unravell  Hex/Tmut       0%         3d3       100%        5


Dungeon Overview and Level Annotations

Branches:
Dungeon (5/15)
 Temple: D:4-7

Altars:
Cheibriados
Fedhas
Makhleb
Yredelemnul

Shops:
D:2 *


Innate Abilities, Weirdness & Mutations

You are small and have problems with some larger weapons.
You are completely attuned to the shadows.


Message History

The iguana closely misses the phantom.
The phantom hits the iguana!
The iguana dies!
Your Dodging skill increases to level 4!
You see here a black bear corpse.
The phantom hits you. The phantom closely misses you.
You hit the phantom.
The phantom is lightly damaged.
The phantom closely misses you.
You hit the phantom.
The phantom is moderately damaged.
The phantom completely misses you.
You hit the phantom.
The phantom is moderately damaged.
The phantom hits you!
You hit the phantom.
The phantom is heavily damaged.
The phantom closely misses you.
You barely miss the phantom.
The phantom is heavily damaged.
The phantom completely misses you.
You hit the phantom but do no damage.
The phantom is heavily damaged.
The phantom hits you!
You are too injured to fight recklessly!
You are too injured to fight recklessly!
You are too injured to fight recklessly!
You are too injured to fight recklessly!
You hit the phantom.
The phantom is heavily damaged.
The phantom hits you!
The phantom blinks!
You blink.
The phantom barely misses you.
You hit the phantom.
The phantom is heavily damaged.
The phantom hits you!
* * * LOW HITPOINT WARNING * * *
It was a potion of attraction.
You feel attractive to monsters. The phantom hits you!
You die...

## #### ##..
...# #####...
...# ......#
## .###
#...@##... ##
#.#.#W.... #
.......(...#
#
####......).#
.# ##
##..)....#..#
.###
#..§)..##..#
...##
.[#..(.#...#
....###
#.###.†#....#
#.....# ##†#
##...#..#


You could see a neutral phantom (fast, strong, insane).

Vanquished Creatures
  Sigmund (D:2)
  A black bear (D:5)
  A scorpion (D:5)
  An orc priest (D:5)
  A hound (D:5)
  A gnoll bouda (D:5)
  2 iguanas
  2 sleepcaps (D:5)
  An orc wizard (D:5)
  3 adders
  A shadow imp (D:5)
  A white imp (D:5)
  6 worms
  3 dart slugs
  5 orcs (D:5)
  4 ball pythons
  5 endoplasms
  A giant cockroach (D:1)
  4 goblins
  5 hobgoblins
  2 jackals (D:4)
  4 quokkas
  3 bats
  A frilled lizard (D:3)
  5 kobolds
  A rat (D:3)
65 creatures vanquished.

Vanquished Creatures (collateral kills)
  A centaur (D:5)
  An iguana (D:5)
  2 orcs (D:5)
4 creatures vanquished.

Vanquished Creatures (others)
  2 fungi (D:4)
2 creatures vanquished.

Grand Total: 71 creatures vanquished

Notes
Turn   | Place    | Note
-------+----------+-------------------------------------------
     0 | D:1      | drewk1942 the Kobold Brigand began the quest for the Orb.
     0 | D:1      | Reached XP level 1. HP: 12/12 MP: 1/1
   385 | D:1      | Reached XP level 2. HP: 17/17 MP: 2/2
   877 | D:2      | Reached XP level 3. HP: 21/22 MP: 3/3
  1083 | D:2      | Noticed Sigmund
  1100 | D:2      | Killed Sigmund
  1101 | D:2      | Reached skill level 7 in Stealth
  1101 | D:2      | Reached XP level 4. HP: 9/28 MP: 4/4
  1101 | D:2      | Reached XP level 5. HP: 11/32 MP: 5/5
  1101 | D:2      | Reached XP level 6. HP: 12/37 MP: 6/6
  1396 | D:2      | Found Hougrain's General Store.
  2091 | D:3      | Found a basalt altar of Yredelemnul.
  2559 | D:3      | Found a blossoming altar of Fedhas.
  2562 | D:3      | Found a snail-covered altar of Cheibriados.
  3220 | D:4      | Found a burning altar of Makhleb.
  3433 | D:5      | Entered Level 5 of the Dungeon
  3516 | D:5      | Reached XP level 7. HP: 40/42 MP: 7/7
  3999 | D:5      | Reached skill level 8 in Stealth
  4194 | D:5      | Reached skill level 5 in Short Blades
  4198 | D:5      | Reached XP level 8. HP: 43/48 MP: 8/8
  4210 | D:5      | Slain by a phantom

Illustrated notes

Levels and vault maps discovered:
D:1:      nzn_arrival_crosshair, layout_basic
D:2:      layout_basic, serial_shops, nicolae_shop_hallway_stairs, uniq_sigmund
D:3:      layout_basic, jmf_multi_god_temple, lemuel_tele_altar,
          mainiacjoe_overflow_alcove_2, serial_glass, glass_columns_b,
          glass_columns_a, nicolae_wormholes
D:4:      cheibrodos_quashed, layout_loops_ring, mainiacjoe_overflow_alcove_4
D:5:      layout_layer_cave, kennysheep_mini_moat,
          mainiacjoe_overflow_boulevard, minmay_manual_moon

Skill      XL: |  1  2  3  4  5  6  7  8 |
---------------+-------------------------+-----
Short Blades   | 3 4 5 |  5.2
Fighting       | 3 4 |  4.3
Throwing       | 3 4 |  4.2
Dodging        | 2 3 4 |  4.0
Stealth        | 7 8 |  8.8

Action                     |  1- 3 |  4- 6 |  7- 9 || total
---------------------------+-------+-------+-------++-------
  Melee: Dagger            |    44 |    81 |    75 ||   200
  Throw: Dart              |       |     1 |     8 ||     9
    Use: Scroll            |     3 |       |       ||     3
         Potion            |       |       |     1 ||     1
   Stab: Sleeping          |     4 |    17 |     4 ||    25
         Distracted        |     2 |       |       ||     2
 Armour: Robe              |     9 |     6 |     2 ||    17
  Dodge: Dodged            |    16 |    41 |    44 ||   101

Table legend: (Time is in decaauts)
 A = Elapsed time spent in this place.
 B = Non-inter-level travel time spent in this place.
 C = Inter-level travel time spent in this place.
 D = Time resting spent in this place.
 E = Time spent auto-exploring this place.
 F = Levels seen in this place.
 G = Mean time per level.
                   A        B        C        D        E       F      G
               +--------+--------+--------+--------+--------+-----+--------+
         Total |   4167 |   3935 |    232 |    226 |   3230 |   5 |  833.4 |
       Dungeon |   4167 |   3935 |    232 |    226 |   3230 |   5 |  833.4 |
               +--------+--------+--------+--------+--------+-----+--------+

Top non-repeatable levels by time:
     D:2: 914 daAuts
     D:3: 877 daAuts
     D:4: 852 daAuts
     D:1: 826 daAuts
     D:5: 696 daAuts
